[Event "Early-Titled-Tuesday-Blitz-May-14-2024"]
[Site "Chess.com"]
[Date "2024.05.14"]
[Round "3"]
[White "bangchess21"]
[Black "Schattman"]
[Result "0-1"]
[WhiteElo "2756"]
[BlackElo "2566"]
[TimeControl "180+1"]
[EndTime "8:29:46 PDT"]
[Termination "Schattman won by resignation"]

1. d4 Nf6 2. Bf4 g6 3. Nc3 d5 4. e3 Bg7 5. h4 h5 6. Nf3 O-O 7. Ne5 c5 8. Qd2 Nc6 9. f3 Bf5 10. Bb5 Rc8 11. Nxc6 bxc6 12. Ba6 cxd4 13. exd4 Rc7 14.
Bxc7 Qxc7 15. O-O-O Rb8 16. Bd3 Bd7 17. Na4 e5 18. dxe5 Qxe5 19. Rhe1 Qd6 20. Qa5 Be6 21. Kb1 Nd7 22. c3 c5 23. Qa6 Nb6 24. Bc2 Qc7 25. Ka1 Nxa4 26. Bxa4 d4 27. c4 d3 28. Bb5 Rb6 29. Qa5 a6 30. Rxd3 axb5 31. Rb3 b4 32. Qa8+ Rb8 33. Qe4 Rd8 34. g4 Rd4 35. Qa8+ Kh7 36.
gxh5 Qd6 37. hxg6+ fxg6 38. a4 Rd1+ 39. Rxd1 Qxd1+ 40. Ka2 Bxc4 0-1

[Event "Early-Titled-Tuesday-Blitz-May-14-2024"]
[Site "Chess.com"]
[Date "2024.05.14"]
[Round "3"]
[White "LeoWin2012"]
[Black "noblerone"]
[Result "1-0"]
[WhiteElo "2326"]
[BlackElo "2506"]
[TimeControl "180+1"]
[EndTime "8:29:46 PDT"]
[Termination "LeoWin2012 won by checkmate"]

1. e4 c5 2. Nf3 e6 3. c4 Nc6 4. d4 cxd4 5. Nxd4 Nf6 6. Nc3 Bb4 7. Nxc6 bxc6 8. Bd3 e5 9. O-O h6 10. Na4 O-O 11.
c5 Qe7 12. Be3 d5 13. cxd6 Bxd6 14. f3 Be6 15. Qc2 Rfc8 16. Bc4 Nh5 17. Bxe6 Qxe6 18.
Nc5 Bxc5 19. Qxc5 Nf4 20. Bxf4 exf4 21. Rfd1 Rd8 22. b3 Qf6 23. Rac1 Qb2 24. Qxc6 Qxa2 25. Qc3 a5 26. Rd5 Rxd5 27. exd5 Rd8 28. Rd1 Qe2 29. Qd4 Qc2 30. d6 Qxb3 31. d7 Qb7 32. Qd6 a4 33.
Qe7 Qb6+ 34. Kh1 a3 35. Qxa3 Rxd7 36. Qa8+ Kh7 37. Qe4+ g6 38. Rxd7 Kg7 39. Rd1 h5 40. Qd4+ Kh6 41. Qxb6 Kg5 42. Qf2 f5 43. Qe2 h4 44. h3 Kh5 45. Qe6 Kg5 46. Qe7+ Kh5 47. Rd8 Kh6 48. Rh8# 1-0

[Event "Early-Titled-Tuesday-Blitz-May-14-2024"]
[Site "Chess.com"]
[Date "2024.05.14"]
[Round "3"]
[White "karinachess1"]
[Black "luggevoila"]
[Result "1/2-1/2"]
[WhiteElo "2596"]
[BlackElo "2334"]
[TimeControl "180+1"]
[EndTime "8:29:47 PDT"]
[Termination "Game drawn - insufficient material"]

1. d4 Nf6 2. c4 g6 3. Nc3 Bg7 4. h4 c5 5. d5 d6 6. e4 e6 7. Be2 exd5 8. exd5 Nbd7 9. h5 gxh5 10. Nh3 Ne5 11. Nf4 Bg4 12. f3 Bf5 13. Nxh5 Nxh5 14. Rxh5 Bg6 15. Rh1 Qe7 16. Kf1 O-O-O 17. Bf4 Rhe8 18. Qd2 a6 19. Re1 Nd3 20. Bxd3 Qxe1+ 21. Qxe1 Rxe1+ 22. Kxe1 Bxd3 23. Ne4 Bxe4 24. fxe4 Re8 25.
Bxd6 Rxe4+ 26. Kf2 Rxc4 27. Rxh7 Bxb2 28. Rxf7 Rd4 29.
Bxc5 Rxd5 30. Bb6 Rd6 31. Be3 Rf6+ 32. Rxf6 Bxf6 33. Kf3 Kd7 34. Ke4 Ke6 35. g4 b5 36.
Bf2 a5 37. Bb6 a4 38. Bc5 Bc3 39. g5 b4 40. Kd3 Be1 41. Kc4 b3 42. axb3 axb3 43.
Kxb3 Kf5 44. Be3 Bh4 45. Kc2 Bxg5 1/2-1/2

[Event "Early-Titled-Tuesday-Blitz-May-14-2024"]
[Site "Chess.com"]
[Date "2024.05.14"]
[Round "3"]
[White "JeFumeDesClopes"]
[Black "wild3000"]
[Result "1-0"]
[WhiteElo "2712"]
[BlackElo "2497"]
[TimeControl "180+1"]
[EndTime "8:29:50 PDT"]
[Termination "JeFumeDesClopes won by resignation"]

1. Nf3 d5 2. c4 e6 3. g3 Nf6 4.
Bg2 Be7 5. O-O O-O 6. b3 b6 7.
d4 Bb7 8. Nc3 c5 9. dxc5 Bxc5 10. Ne1 Na6 11. cxd5 Nxd5 12. Nxd5 Bxd5 13. Bxd5 Qxd5 14.
Qxd5 exd5 15. Nd3 Rfe8 16. e3 d4 17. Nxc5 bxc5 18. Rd1 Nb4 19. exd4 cxd4 20. Bb2 Rad8 21. a3 Nc2 22. Rac1 d3 23. Rd2 h5 24. Kf1 Kh7 25.
Rcd1 Re6 26. Rxd3 Rde8 27. R3d2 Re1+ 28. Rxe1 Nxe1 29. Re2 Rxe2 30. Kxe2 Ng2 31. Bc3 g5 32. Kf3 Kg6 33. Kxg2 Kf5 34. Kf3 Ke6 35. Ke4 f5+ 36.
Kd4 a6 37. Kc5 f4 38. gxf4 g4 39. b4 Kf5 40. a4 h4 41. b5 axb5 42. axb5 Ke4 43.
b6 Kf3 44. Bf6 g3 45. fxg3 h3 46. b7 Kg2 47. b8=Q Kxh2 48. Qh8 Kxg3 49. Be5 Kg2 50.
f5 h2 51. Qxh2+ Kf3 52. Qf4+ 1-0

[Event "Early-Titled-Tuesday-Blitz-May-14-2024"]
[Site "Chess.com"]
[Date "2024.05.14"]
[Round "3"]
[White "Kazmin_Semyon"]
[Black "invisible_s0ul"]
[Result "0-1"]
[WhiteElo "2586"]
[BlackElo "2337"]
[TimeControl "180+1"]
[EndTime "8:29:50 PDT"]
[Termination "invisible_s0ul won on time"]

1. d4 Nf6 2. c4 c6 3. Bf4 d5 4. e3 g6 5. Nc3 Bg7 6. Nf3 Nbd7 7.
cxd5 Nxd5 8. Nxd5 cxd5 9. Bd3 O-O 10. O-O Qb6 11. Qc2 Nf6 12. h3 Bd7 13. Bc7 Qc6 14.
Qxc6 Bxc6 15. Rfc1 Rac8 16. Bh2 Nd7 17. b4 b5 18. Nd2 e5 19. Nb3 Rfe8 20. Rc2 a6 21.
Rac1 Bb7 22. Nc5 Nxc5 23. dxc5 Bc6 24. Be2 f5 25. Rd1 Kf7 26. g4 Red8 27. Bf3 Ke6 28.
Rcd2 e4 29. Be2 Bc3 30. Rd4 Bxd4 31. exd4 Rf8 32. Bd6 Rf7 33. a4 f4 34. axb5 axb5 35. Ra1 h5 36. gxh5 gxh5 37. Bxh5 Rg7+ 38. Kf1 Ra8 39.
Bg4+ Kf7 40. Rxa8 Bxa8 0-1

[Event "Early-Titled-Tuesday-Blitz-May-14-2024"]
[Site "Chess.com"]
[Date "2024.05.14"]
[Round "3"]
[White "chess_sharparchitect"]
[Black "hikaruchija"]
[Result "0-1"]
[WhiteElo "2305"]
[BlackElo "2597"]
[TimeControl "180+1"]
[EndTime "8:29:51 PDT"]
[Termination "hikaruchija won by resignation"]

1. c4 g6 2. Nc3 Bg7 3. d4 d6 4. e4 e5 5. d5 a5 6. Be3 Na6 7. Nf3 f5 8. g3 Nf6 9. Bg2 O-O 10. O-O Ng4 11. Bg5 Qe8 12. Qd2 h6 13. Be3 Nxe3 14. fxe3 Nc5 15. exf5 gxf5 16. Nh4 e4 17. Nb5 Rf7 18. Bh3 Qe5 19. Nd4 Nd3 20. Nhxf5 Bxf5 21. Bxf5 Kh8 22. Be6 Rxf1+ 23. Rxf1 Qg5 24. Nf5 Bxb2 25.
Qg2 Rf8 26. Qxe4 Ne5 27. Nh4 Rxf1+ 28. Kxf1 Bc1 29. Ng6+ Qxg6 30. Qxg6 Nxg6 31. Ke2 Ne5 32. g4 Nxc4 33. e4 b5 34. h4 b4 35. Kd3 Ne5+ 36. Kc2 Bf4 37. g5 hxg5 38. hxg5 a4 39. Bh3 Bxg5 40. Bf1 Nf3 41. Kb2 Nd2 42. Bd3 Bf6+ 43. Kc2 Bc3 44. Bb5 a3 45. Bd3 Kg7 46. Kd1 Kf6 47. Ke2 Ke5 48. Ke3 b3 49. axb3 a2 0-1

[Event "Early-Titled-Tuesday-Blitz-May-14-2024"]
[Site "Chess.com"]
[Date "2024.05.14"]
[Round "3"]
[White "sergiochess83"]
[Black "lefonghua"]
[Result "0-1"]
[WhiteElo "2865"]
[BlackElo "2615"]
[TimeControl "180+1"]
[EndTime "8:29:52 PDT"]
[Termination "lefonghua won on time"]

1. d4 Nf6 2. c4 c5 3. d5 e6 4. Nc3 exd5 5. cxd5 d6 6. Nf3 g6 7. h3 Bg7 8. Bf4 a6 9. a4 O-O 10. e3 Ne8 11. Be2 Nd7 12. O-O Qe7 13. Rb1 Rb8 14. Qc2 Nc7 15. b4 Bxc3 16. Qxc3 Nxd5 17.
Qd2 Nxf4 18. exf4 Nf6 19. bxc5 dxc5 20. Bc4 Bf5 21. Rbe1 Qc7 22. a5 Ne4 23. Qa2 Qxf4 24. Re3 Nd6 25. Bd5 Rbe8 26. Rfe1 Rxe3 27. Rxe3 c4 28.
g3 Qh6 29. h4 Be6 30. Bxe6 fxe6 31. Ng5 Qh5 32. Qa1 Nf5 33. Nxe6 Qh6 34. Re5 Re8 35. Qc3 Nd6 36. Qd4 Nf7 37. Re1 g5 38. Qxc4 gxh4 39. Re4 Qf6 40. gxh4 Nd6 41. Ng5+ Nxc4 42. Rxe8+ Kg7 0-1

[Event "Early-Titled-Tuesday-Blitz-May-14-2024"]
[Site "Chess.com"]
[Date "2024.05.14"]
[Round "3"]
[White "Journey_to_GrandMaster_YT"]
[Black "rasmussvane"]
[Result "1/2-1/2"]
[WhiteElo "2560"]
[BlackElo "2953"]
[TimeControl "180+1"]
[EndTime "8:29:52 PDT"]
[Termination "Game drawn by repetition"]

1. d4 d5 2. c4 e6 3. Nc3 a6 4. cxd5 exd5 5. Bf4 Nf6 6. Qc2 Bd6 7. Bxd6 Qxd6 8. e3 O-O 9. Bd3 Re8 10. Nge2 Bg4 11. h3 Bxe2 12. Nxe2 Nc6 13. a3 Ne7 14. Rc1 c6 15.
O-O Qd7 16. Ng3 g6 17. b4 Nc8 18. a4 Nd6 19. Rb1 Kg7 20. Qc5 h5 21. b5 cxb5 22.
axb5 Rec8 23. Qb6 a5 24. Rfc1 Nc4 25. Bxc4 dxc4 26. e4 h4 27. Nf1 Nxe4 28. Ne3 c3 29. d5 Nd6 30. Qd4+ f6 31. b6 a4 32. Rxc3 Rxc3 33.
Qxc3 a3 34. Ra1 a2 35. Ng4 Qf5 36. Qb3 Qf4 37. Rxa2 Qc1+ 38. Kh2 Qf4+ 39. Kg1 Qc1+ 40. Kh2 Re8 41. Qf3 Nf5 42. Ra7 Re1 43. Rxb7+ Kh8 44.
Rb8+ Kg7 45. Rb7+ Kh8 46. Rb8+ Kg7 47. Rb7+ 1/2-1/2

[Event "Early-Titled-Tuesday-Blitz-May-14-2024"]
[Site "Chess.com"]
[Date "2024.05.14"]
[Round "3"]
[White "FoggyMorning"]
[Black "Iunusovnuriddin"]
[Result "1-0"]
[WhiteElo "2612"]
[BlackElo "2344"]
[TimeControl "180+1"]
[EndTime "8:29:53 PDT"]
[Termination "FoggyMorning won by resignation"]

1. e4 e5 2. Nf3 Nc6 3. Bc4 Nf6 4. Ng5 d5 5. exd5 Na5 6. Bb5+ c6 7. dxc6 bxc6 8. Bd3 Nd5 9. Nf3 Nf4 10. Bf1 Bd6 11. d3 Nd5 12. Be2 O-O 13. O-O f5 14. Nc3 Nxc3 15.
bxc3 c5 16. Nd2 g5 17. Bf3 Rb8 18. Bd5+ Kh8 19. c4 g4 20. f3 Qf6 21. fxg4 e4 22.
Nxe4 Qd4+ 23. Kh1 fxe4 24. Rxf8+ Bxf8 25. Bd2 Bg7 26. Rc1 Nb7 27. Bxe4 Nd6 28. Bf3 Rb2 29. a4 Ra2 30. a5 Be6 31. Qe1 Bg8 32. h3 Ra1 33.
Be3 Rxc1 34. Qxc1 Qa1 35. Qxa1 Bxa1 36. Bxc5 Nc8 37. Bb7 Be6 38. d4 Bc3 39. a6 Nb6 40. d5 Bd7 41. Bxb6 1-0

[Event "Early-Titled-Tuesday-Blitz-May-14-2024"]
[Site "Chess.com"]
[Date "2024.05.14"]
[Round "3"]
[White "rollercoaster29"]
[Black "C_K_G"]
[Result "1-0"]
[WhiteElo "2454"]
[BlackElo "2269"]
[TimeControl "180+1"]
[EndTime "8:29:53 PDT"]
[Termination "rollercoaster29 won on time"]

1. d4 d5 2. Bf4 e6 3. e3 Nf6 4. Nf3 Bd6 5. Ne5 O-O 6. Bd3 c5 7. c3 Nc6 8. Nd2 c4 9. Bc2 Qc7 10. Ndf3 b5 11. g4 b4 12. Nxc6 Qxc6 13. Ne5 Qc7 14.
g5 Ne4 15. f3 f6 16. gxf6 Nxf6 17. Rg1 Kh8 18. Qe2 bxc3 19. bxc3 Rb8 20. Rb1 Ba6 21. Kd2 Nd7 22. Nxd7 Qxd7 23. Bxd6 Qxd6 24. Qg2 g6 25. Rxb8 Rxb8 26. Qh3 Kg7 27. Rg5 Rb2 28. Qg2 Bc8 29. h4 Bd7 30. h5 Be8 31. hxg6 Bxg6 32.
Rxg6+ hxg6 33. Qxg6+ Kf8 34. Qf6+ Ke8 35. Kc1 Rxc2+ 36.
Kxc2 1-0

[Event "Early-Titled-Tuesday-Blitz-May-14-2024"]
[Site "Chess.com"]
[Date "2024.05.14"]
[Round "3"]
[White "Sokoloco"]
[Black "laysa_latifah"]
[Result "0-1"]
[WhiteElo "2759"]
[BlackElo "2544"]
[TimeControl "180+1"]
[EndTime "8:29:54 PDT"]
[Termination "laysa_latifah won on time"]

1. b3 Nf6 2. Bb2 g6 3. c4 Bg7 4.
g3 O-O 5. Bg2 c6 6. Nf3 d5 7.
O-O Nbd7 8. Qc2 Re8 9. Ne5 Nxe5 10. Bxe5 Bf5 11. d3 d4 12. Nd2 Rc8 13. c5 Nd5 14. Bxg7 Kxg7 15. Qb2 e5 16. Nc4 Rb8 17. f4 Qe7 18. Bxd5 cxd5 19. Nd6 Bh3 20. fxe5 Bxf1 21. Rxf1 Rf8 22. Qxd4 Kg8 23. Qxd5 Qe6 24. Qd4 Rbd8 25. Rf6 Qe7 26. Qe4 Qc7 27. d4 Rd7 28. e6 fxe6 29.
Qxe6+ Kg7 30. Ne8+ Rxe8 31. Qxe8 Kxf6 32. e3 Re7 33.
Qf8+ Rf7 34. Qh8+ Ke7 35. b4 Qd7 36. Qe5+ Qe6 37. Qc7+ Kf6 38. Qf4+ Kg7 39. Qg5 Rf5 40. Qd8 Qxe3+ 41. Kg2 Qf3+ 0-1

[Event "Early-Titled-Tuesday-Blitz-May-14-2024"]
[Site "Chess.com"]
[Date "2024.05.14"]
[Round "3"]
[White "LamaChampetre"]
[Black "guillembaches"]
[Result "0-1"]
[WhiteElo "2205"]
[BlackElo "2570"]
[TimeControl "180+1"]
[EndTime "8:29:54 PDT"]
[Termination "guillembaches won on time"]

1. d4 Nf6 2. c4 e6 3. Nf3 d5 4. g3 Bd6 5. Bg2 h6 6. O-O O-O 7. Qc2 b6 8. Nc3 Bb7 9. cxd5 exd5 10. Nb5 Nc6 11. Nxd6 cxd6 12. Bf4 Rc8 13. Qf5 Re8 14.
Rfe1 Qe7 15. Rac1 a5 16. a3 a4 17. Qd3 Na5 18. Qb5 Nc4 19. Qxa4 Nxb2 20. Qb4 Nc4 21. Rb1 Ne4 22. Nd2 Nexd2 23. Bxd2 Ra8 24. Rb3 Qd7 25. Bf4 Ra4 26. Qc3 b5 27. h4 Bc6 28. e3 Rea8 29. e4 dxe4 30. Bxe4 Bxe4 31. Rxe4 Rxa3 32. Rxa3 Rxa3 33.
Qe1 Ra8 34. Re7 Qf5 35. Re8+ Rxe8 36. Qxe8+ Kh7 37. Qc6 g5 38. Be3 gxh4 39. gxh4 h5 40. d5 Qb1+ 41. Kg2 Qg6+ 42. Kf1 Qd3+ 43. Kg2 Qe4+ 44. Kf1 Ne5 45. Qe8 Qh1+ 46. Ke2 Qf3+ 47. Kd2 Qxd5+ 48. Ke2 b4 49. Qb8 Qd3+ 0-1

[Event "Early-Titled-Tuesday-Blitz-May-14-2024"]
[Site "Chess.com"]
[Date "2024.05.14"]
[Round "3"]
[White "LuisFSiles"]
[Black "Niilo1"]
[Result "0-1"]
[WhiteElo "2444"]
[BlackElo "2299"]
[TimeControl "180+1"]
[EndTime "8:29:54 PDT"]
[Termination "Niilo1 won by checkmate"]

1. e4 c5 2. Nf3 Nc6 3. c3 Nf6 4. e5 Nd5 5. d4 cxd4 6. cxd4 d6 7. Bc4 Nb6 8. Bb5 dxe5 9. Nxe5 Bd7 10. Nxd7 Qxd7 11. Nc3 e6 12. Qg4 a6 13. Bxc6 bxc6 14.
O-O h5 15. Qf3 Be7 16. Be3 h4 17. h3 Nd5 18. Rfc1 O-O 19. Ne4 Nxe3 20. fxe3 Qd5 21. Rc2 Rab8 22. b3 Rfc8 23. Nc5 a5 24. Rac1 Bg5 25.
Ne4 Be7 26. Rc4 Rb4 27. Nc3 Rxc4 28. bxc4 Qxc4 29. Ne2 Qd5 30. e4 Qxa2 31. d5 exd5 32. exd5 Bg5 33. Rxc6 Rxc6 34. dxc6 Qa1+ 35. Kf2 Qe5 36.
Nc3 Qc5+ 37. Ke2 a4 38. Qe4 Qxc3 39. Qe8+ Kh7 40. Qe4+ g6 41. Qe8 Kg7 42. Qd7 Bf4 43. c7 Qxc7 44. Qxa4 Qe5+ 45. Kf3 Qe3+ 46. Kg4 Qg3# 0-1

[Event "Early-Titled-Tuesday-Blitz-May-14-2024"]
[Site "Chess.com"]
[Date "2024.05.14"]
[Round "3"]
[White "dretch"]
[Black "DvaHrasta"]
[Result "1-0"]
[WhiteElo "2894"]
[BlackElo "2550"]
[TimeControl "180+1"]
[EndTime "8:29:55 PDT"]
[Termination "dretch won on time"]

1. d4 Nf6 2. c4 e6 3. Nf3 d5 4. Nc3 Bb4 5. Bg5 h6 6. Qa4+ Nc6 7. Bxf6 Qxf6 8. e3 Bd7 9. Qb3 O-O 10. cxd5 exd5 11.
Be2 Qd6 12. O-O Bxc3 13. Qxc3 Bg4 14. Rfc1 Rfc8 15. h3 Bxf3 16. Bxf3 Ne7 17. Qc5 Qxc5 18. Rxc5 c6 19. b4 a6 20. a4 Kf8 21. Kf1 Ke8 22. Ke2 f5 23. g4 fxg4 24. hxg4 Kd7 25. g5 Kd6 26. gxh6 gxh6 27. Rh1 Rh8 28. Rh5 b6 29. Rc1 a5 30. b5 cxb5 31. axb5 a4 32.
Bxd5 Ra5 33. Ba2 a3 34. Kd3 Ra4 35. Rc3 Raa8 36. f4 Ng8 37. Rc6+ Ke7 38. Rxb6 Kf8 39.
Rb7 Ra5 40. Rf5+ Ke8 41. Re5+ Kd8 42. b6 Rxe5 43. fxe5 h5 44. Ra7 h4 45. Ra8+ 1-0

[Event "Early-Titled-Tuesday-Blitz-May-14-2024"]
[Site "Chess.com"]
[Date "2024.05.14"]
[Round "3"]
[White "AlphaGoosee"]
[Black "pirulillo"]
[Result "1-0"]
[WhiteElo "2642"]
[BlackElo "2433"]
[TimeControl "180+1"]
[EndTime "8:29:55 PDT"]
[Termination "AlphaGoosee won on time"]

1. e4 c5 2. Nf3 e6 3. d4 cxd4 4. Nxd4 Nf6 5. Nc3 Nc6 6. a3 d6 7.
Be3 Be7 8. Qe2 O-O 9. O-O-O Qc7 10. g4 a6 11. g5 Nd7 12. h4 b5 13. h5 Rb8 14. g6 Nxd4 15. gxf7+ Rxf7 16. Bxd4 Ne5 17. Rg1 h6 18. Be3 Kh7 19. Bh3 b4 20. axb4 Rxb4 21.
Rd4 a5 22. Qd1 Nc4 23. Qg4 Nxe3 24. Qg6+ Kg8 25. fxe3 Bg5 26. Rg3 Qe7 27. Rxb4 axb4 28.
Nb5 Bb7 29. Bxe6 Bxe4 30. Qxe4 Kh8 31. Bd5 Rf1+ 32. Kd2 Qf8 33. Rf3 Rxf3 34. Qxf3 Qe7 35. Qe4 Qf8 36. Nd4 Qf2+ 37. Ne2 1-0

[Event "Early-Titled-Tuesday-Blitz-May-14-2024"]
[Site "Chess.com"]
[Date "2024.05.14"]
[Round "3"]
[White "sokidze"]
[Black "Der_Balak_3Halak"]
[Result "0-1"]
[WhiteElo "2790"]
[BlackElo "2397"]
[TimeControl "180+1"]
[EndTime "8:29:56 PDT"]
[Termination "Der_Balak_3Halak won by checkmate"]

1. d4 d5 2. c4 c6 3. cxd5 cxd5 4. Bf4 Nf6 5. Nc3 Nc6 6. e3 a6 7. Be2 Bf5 8. Nf3 e6 9. Qb3 Qd7 10. Ne5 Nxe5 11. Bxe5 Bd6 12. O-O O-O 13. Na4 Qd8 14.
Qxb7 Bxe5 15. dxe5 Nd7 16. Rac1 Nxe5 17. Qc7 Qf6 18. Nb6 Rab8 19. f4 Ng4 20. Nd7 Qxb2 21. Bxg4 Rb7 22. Qc8 Rxd7 23. Bxf5 Rb7 24. Qc2 exf5 25.
Qxf5 Qd2 26. Qe5 Rb2 27. Qg5 Qxe3+ 28. Kh1 d4 29. Rce1 Rf2 30. Rg1 Re2 31. Rxe2 Qxe2 32.
f5 Qe3 33. Qg4 d3 34. f6 g6 35. h3 d2 36. Qd7 Qe1 37. Kh2 Re8 38. Qd5 h6 39.
Qd7 Qxg1+ 40. Kxg1 Re1+ 41. Kh2 d1=Q 42. Qc8+ Kh7 43.
Qf8 Rh1+ 44. Kg3 Qe1+ 45. Kg4 h5+ 46. Kg5 Qg3# 0-1

[Event "Early-Titled-Tuesday-Blitz-May-14-2024"]
[Site "Chess.com"]
[Date "2024.05.14"]
[Round "3"]
[White "ferdipy"]
[Black "Artemiki"]
[Result "0-1"]
[WhiteElo "2310"]
[BlackElo "2598"]
[TimeControl "180+1"]
[EndTime "8:29:57 PDT"]
[Termination "Artemiki won by resignation"]

1. e4 e5 2. Nf3 Nc6 3. Bc4 Bc5 4. b4 Bxb4 5. c3 Be7 6. d4 d6 7. Qb3 Na5 8. Bxf7+ Kf8 9. Qa4 c6 10. Bxg8 Kxg8 11.
dxe5 b5 12. Qc2 dxe5 13. Nxe5 Bf6 14. Nf3 Bg4 15. Nbd2 Nc4 16. Nxc4 bxc4 17. O-O Qd3 18. Qxd3 cxd3 19. Bd2 Kf7 20. Rab1 Rab8 21. Rb3 Be6 22.
Ra3 Rb7 23. e5 Be7 24. Ra6 Rb2 25. Rxa7 h6 26. a4 g5 27. Be3 g4 28. Nd4 d2 29.
Nxc6 Re8 30. Rd1 Bb3 31. Rb7 Bxd1 32. Rxb2 Bxa4 33. Bxd2 Bxc6 34. Bxh6 Bd5 35. Be3 Rc8 36. Bd4 Rc7 37. h3 gxh3 38. gxh3 Be6 39. Kh2 Rc8 40.
Rb7 Ke8 41. Kg3 Bd5 42. f4 Bxb7 43. f5 Bd5 44. Kf4 Kf7 45. e6+ Bxe6 46. fxe6+ Kxe6 0-1

[Event "Early-Titled-Tuesday-Blitz-May-14-2024"]
[Site "Chess.com"]
[Date "2024.05.14"]
[Round "3"]
[White "Suleyman_Chess06"]
[Black "SoCalJuniorChess"]
[Result "1-0"]
[WhiteElo "2798"]
[BlackElo "2223"]
[TimeControl "180+1"]
[EndTime "8:29:58 PDT"]
[Termination "Suleyman_Chess06 won on time"]

1. Nf3 Nf6 2. g3 c5 3. Bg2 d5 4. O-O Nc6 5. d4 cxd4 6. Nxd4 Nxd4 7. Qxd4 e6 8. c4 Be7 9. Nc3 dxc4 10. Qxc4 O-O 11. Rd1 Qb6 12. Be3 Qxb2 13. Rab1 Qc2 14. Rd3 Nd5 15. Qb3 Nxe3 16. Rxe3 Qxb3 17. Rxb3 Rb8 18. Rd3 Rd8 19. Nb5 Rxd3 20. Rxd3 a6 21. Nd6 Bxd6 22. Rxd6 Kf8 23. Rd8+ Ke7 24. Rh8 h6 25. h4 Kd6 26. h5 Kc7 27. Rf8 Bd7 28. Rxf7 Rg8 29. Bxb7 Kxb7 30. Rxd7+ Kb6 31. Re7 Kb5 32.
Rxe6 a5 33. Re7 Ka4 34. e4 Ka3 35. Ra7 Kxa2 36. e5 Kb3 37. Rxa5 Kb4 38. Rd5 Kc4 39. Rd7 Re8 40. f4 Rg8 41. e6 g5 42. hxg6 Rxg6 43.
e7 Re6 44. f5 Re1+ 45. Kf2 1-0

[Event "Early-Titled-Tuesday-Blitz-May-14-2024"]
[Site "Chess.com"]
[Date "2024.05.14"]
[Round "3"]
[White "kuchma777"]
[Black "fandebobbyfischer"]
[Result "1-0"]
[WhiteElo "2524"]
[BlackElo "2714"]
[TimeControl "180+1"]
[EndTime "8:29:58 PDT"]
[Termination "kuchma777 won by checkmate"]

1. e4 e6 2. d4 d5 3. Nd2 Be7 4.
Ngf3 Nf6 5. Bd3 dxe4 6. Nxe4 Nxe4 7. Bxe4 Nd7 8. O-O Nf6 9. Bd3 O-O 10. Be3 b6 11. c3 Bb7 12. Ne5 c5 13. Qe2 Qd5 14.
f3 Rad8 15. Rfd1 cxd4 16. cxd4 Qd6 17. Bf2 Nd5 18. g3 Bf6 19. a3 Ne7 20. Rac1 Nf5 21.
Bb1 g6 22. Kg2 Qb8 23. Bxf5 exf5 24. Nc6 Bxc6 25. Rxc6 Rfe8 26. Qc4 Kg7 27. b4 Rd7 28. b5 Qd8 29. d5 Be5 30. f4 Bd6 31. Bd4+ f6 32.
a4 Re4 33. Qc3 Be7 34. Qc4 Kh6 35. Re6 Rxd5 36. Rxe4 fxe4 37. f5 g5 38. h4 Bc5 39.
hxg5+ Kh5 40. Bxf6 Rd2+ 41. Kh3 Qd3 42. Qf7# 1-0

[Event "Early-Titled-Tuesday-Blitz-May-14-2024"]
[Site "Chess.com"]
[Date "2024.05.14"]
[Round "3"]
[White "Nf3c5"]
[Black "KirAk47"]
[Result "0-1"]
[WhiteElo "2628"]
[BlackElo "2451"]
[TimeControl "180+1"]
[EndTime "8:30:00 PDT"]
[Termination "KirAk47 won on time"]

1. e4 c5 2. Nc3 g6 3. d4 cxd4 4. Qxd4 Nf6 5. Be3 Nc6 6. Qd2 Bg7 7. f3 O-O 8. Nge2 b5 9. O-O-O b4 10. Nd5 Nxd5 11. exd5 Ne5 12. Nf4 d6 13. Bd4 a5 14.
h4 h5 15. Kb1 Qc7 16. Be2 Bf5 17. g4 hxg4 18. h5 Rac8 19. Rc1 gxf3 20. Bf1 g5 21. h6 Bf6 22. Nh5 Bg6 23. Nxf6+ exf6 24. Ka1 Kh7 25. Qe3 a4 26. Bxe5 dxe5 27. Bb5 Qd6 28.
Qxf3 a3 29. Bc6 axb2+ 30. Kxb2 Rc7 31. Rhd1 f5 32. Qe3 Qf6 33. Qc5 e4+ 34. Kb1 Rfc8 35. Qb5 f4 36. Rf1 e3 37. Rce1 Rxc6 38. dxc6 Qxc6 39. Qxc6 Rxc6 40. Re2 Bf5 41. Kb2 Kxh6 42. Kb3 Kg6 43. Kxb4 Rxc2 44. Rxc2 Bxc2 45. a4 Bxa4 46. Kxa4 e2 47. Re1 f3 48. Kb3 f2 0-1

[Event "Early-Titled-Tuesday-Blitz-May-14-2024"]
[Site "Chess.com"]
[Date "2024.05.14"]
[Round "3"]
[White "flubs"]
[Black "TomLiu777"]
[Result "1-0"]
[WhiteElo "2424"]
[BlackElo "2249"]
[TimeControl "180+1"]
[EndTime "8:30:01 PDT"]
[Termination "flubs won by resignation"]

1. c4 Nf6 2. Nc3 c6 3. e4 d5 4. cxd5 cxd5 5. e5 d4 6. exf6 dxc3 7. dxc3 Qxd1+ 8. Kxd1 exf6 9. Kc2 Bf5+ 10. Bd3 Bxd3+ 11. Kxd3 Nc6 12. Be3 O-O-O+ 13. Kc2 Bd6 14. Nf3 Rhe8 15. Rad1 h6 16. h3 f5 17. Rd5 f4 18. Bd2 Re2 19.
Rf1 g5 20. Kd1 Ree8 21. Re1 Kc7 22. Rf5 Rxe1+ 23. Kxe1 Re8+ 24. Kd1 Re7 25. Rf6 Ne5 26. Nxe5 Bxe5 27. Rxh6 f6 28. Rh8 Rd7 29. Rg8 Kc6 30.
Ke2 Kd5 31. Be1 Ke4 32. f3+ Kf5 33. Bf2 a6 34. Re8 Bc7 35. Bc5 Rd5 36. Bd4 Be5 37. Bxe5 fxe5 38. Re7 Rb5 39. b3 Rb6 40. c4 a5 41. Kd3 Kf6 42. Rd7 Ke6 43. Rg7 a4 44. Rg6+ 1-0

[Event "Early-Titled-Tuesday-Blitz-May-14-2024"]
[Site "Chess.com"]
[Date "2024.05.14"]
[Round "3"]
[White "olakenn"]
[Black "Doublekk14"]
[Result "0-1"]
[WhiteElo "1922"]
[BlackElo "2353"]
[TimeControl "180+1"]
[EndTime "8:30:01 PDT"]
[Termination "Doublekk14 won by resignation"]

1. e4 c5 2. Nc3 Nc6 3. g3 e5 4.
Bg2 d6 5. Nge2 g6 6. O-O Bg7 7. d3 Nge7 8. f4 f5 9. exf5 Bxf5 10. h3 O-O 11. g4 Bd7 12. fxe5 Nxe5 13. Ne4 Qc7 14.
N2c3 Rxf1+ 15. Bxf1 Rf8 16. Bg2 h6 17. Be3 b6 18. Qd2 Kh7 19. Rf1 Rxf1+ 20. Kxf1 d5 21. Nf6+ Bxf6 22. Bxh6 Bc6 23. Qf4 Ng8 24. g5 Bg7 25.
Bxd5 Bxd5 26. Nxd5 Qf7 27. Bxg7 Qxf4+ 28. Nxf4 Kxg7 29. Ke2 Ne7 30. Ke3 Nf5+ 31. Ke4 Nf7 32. Kd5 Nxg5 33. Kc6 Kf6 34. Kb7 Ne6 35. Ng2 Nfd4 36.
c3 Nf3 37. Kxa7 Neg5 38. h4 Ne6 39. Kxb6 Kf5 40. d4 cxd4 41. cxd4 Nexd4 42. a4 Ne5 43. a5 Nc4+ 44. Ka6 Nxb2 45. Kb7 Nc4 46. a6 Nb5 47. Ne3+ Nxe3 48. Kb6 Nd5+ 49. Kxb5 Nc7+ 50. Kb6 Nxa6 51. Kxa6 Kg4 52. Kb5 Kxh4 53. Kc4 g5 0-1

[Event "Early-Titled-Tuesday-Blitz-May-14-2024"]
[Site "Chess.com"]
[Date "2024.05.14"]
[Round "3"]
[White "Meri-Arabidze"]
[Black "frederiksvane"]
[Result "0-1"]
[WhiteElo "2710"]
[BlackElo "2974"]
[TimeControl "180+1"]
[EndTime "8:30:02 PDT"]
[Termination "frederiksvane won on time"]

1. Nf3 e6 2. c4 d5 3. g3 dxc4 4.
Bg2 Nd7 5. Qa4 a6 6. Qxc4 b5 7. Qc2 Bb7 8. O-O Ngf6 9. d3 c5 10.
b3 Bd6 11. Bb2 O-O 12. Nc3 e5 13. a4 Qb6 14. Rfd1 Rac8 15. axb5 axb5 16. Ne4 Rfe8 17. Nh4 Bf8 18. Nf5 Nd5 19. Bh3 Rcd8 20. Qd2 h6 21. Qa5 Qc6 22. Qd2 Kh7 23. Ne3 Nxe3 24. Qxe3 Qd5 25.
Ra7 Bc6 26. Bf5+ Kg8 27. Rc7 Rc8 28. Rxc8 Rxc8 29. Ra1 Ra8 30. Rxa8 Bxa8 31. Bxd7 Qxd7 32. Bxe5 Qd5 33. Bf4 Qxb3 34. f3 Qd5 35. g4 b4 36. Nd2 Bc6 37. Nc4 Bb5 38. Qe5 Bxc4 39. dxc4 Qxc4 40. Kf2 b3 41. g5 hxg5 42. Bxg5 Qd4+ 43.
Qxd4 cxd4 44. Bc1 Bb4 45. e3 Bc3 46. exd4 Bxd4+ 47. Kg3 b2 0-1